 Dungeon Crawl Stone Soup version 0.30.1-11-g7821555f0a (webtiles) character file.

Game seed: 13975441131300090094

500 Ijustatesigmund the Digger (level 7, -4/51 HPs)
             Began as a Gnoll Earth Elementalist on Nov 30, 2023.
             Slain by an iguana (9 damage)
             ... on level 5 of the Dungeon.
             The game lasted 00:07:07 (3982 turns).

Ijustatesigmund the Digger (GnEE)                   Turns: 3982, Time: 00:07:07

Health: -4/51      AC:  3    Str:  7    XL:     7   Next: 16%
Magic:  10/15      EV: 14    Int: 16    God:
Gold:   255        SH:  0    Dex: 13    Spells: 13/17 levels left

rFire   . . .        e - +2 dagger (venom)
rCold   . . .        (no shield)
rNeg    . . .        a - +0 robe
rPois   .            (no helmet)
rElec   .            (no cloak)
rCorr   .            p - +0 pair of gloves
SInv    .            (no boots)
Will    .....        (no amulet)
Stlth   +++          (no ring)
HPRegen 0.28/turn    (no ring)
MPRegen 0.14/turn

%: no passive effects
@: no status effects
A: fangs 1, strong nose, distributed training
a: no special abilities


You were on level 5 of the Dungeon.
You visited 2 branches of the dungeon, and saw 6 of its levels.

You collected 255 gold pieces.

Inventory:

Hand Weapons
 e - a +2 dagger of venom (weapon)
Armour
 a - a +0 robe (worn)
 d - a +0 kite shield
 p - a +0 pair of gloves (worn)
Jewellery
 c - a ring of ice
Scrolls
 f - 2 scrolls of noise {unknown}
 i - 5 scrolls of identify {unknown}
 j - 6 scrolls of teleportation {unknown}
 k - a scroll of magic mapping {unknown}
 m - 2 scrolls of fear {unknown}
 n - a scroll of fog {unknown}
 q - 2 scrolls of vulnerability {unknown}
 r - a scroll of poison {unknown}
 s - 2 scrolls of enchant weapon {unknown}
Potions
 b - a potion of magic
 g - 3 potions of berserk rage {unknown}
 h - a potion of might {unknown}
 l - a potion of cancellation {unknown}
 o - 2 potions of mutation {unknown}
 t - a potion of lignification {unknown}
 u - a potion of curing {unknown}


   Skills:
 + Level 2.4 Fighting
 + Level 2.4 Short Blades
 + Level 2.4 Long Blades
 + Level 2.4 Axes
 + Level 2.4 Maces & Flails
 + Level 2.4 Polearms
 + Level 2.4 Staves
 + Level 2.4 Ranged Weapons
 + Level 2.4 Throwing
 + Level 2.4 Armour
 + Level 5.2 Dodging
 + Level 4.8 Stealth
 + Level 2.4 Shields
 + Level 2.4 Unarmed Combat
 + Level 5.6 Spellcasting
 + Level 2.0 Conjurations
 + Level 2.0 Hexes
 + Level 2.0 Summonings
 + Level 2.0 Necromancy
 + Level 2.0 Translocations
 + Level 2.9 Transmutations
 + Level 2.0 Fire Magic
 + Level 2.0 Ice Magic
 + Level 2.0 Air Magic
 + Level 5.8 Earth Magic
 + Level 2.0 Poison Magic
 + Level 2.6 Invocations
 + Level 2.4 Evocations


You had 13 spell levels left.
You knew the following spells:

 Your Spells              Type           Power      Damage    Failure   Level
a - Sandblast             Erth           46%        2d11      1%          1
b - Stone Arrow           Conj/Erth      34%        3d9       9%          3

Your spell library contained the following spells:

 Spells                   Type           Power      Damage    Failure   Level
 Passwall                 Tmut/Erth      15%        N/A       3%          2
 Shock                    Conj/Air       40%        1d5       6%          1
 Sublimation of Blood     Necr           10%        N/A       10%         2
 Swiftness                Air            10%        N/A       19%         3
 Volatile Blastmotes      Fire/Tloc      20%        2d11      19%         3
 Petrify                  Tmut/Erth      18%        N/A       24%         4
 Lee's Rapid Deconstruct  Erth           11%        3d8*      36%         5
 Airstrike                Air            5%         2d(1-17)  54%         4
 Fulminant Prism          Conj/Hex       5%         3d7       54%         4
 Iskenderun's Mystic Bla  Conj/Tloc      10%        2d4       54%         4
 Irradiate                Conj/Tmut      6%         3d13      82%         5


Dungeon Overview and Level Annotations

Branches:
Dungeon (5/15)             Temple (1/1) D:5

Altars:
Ashenzari
Dithmenos
Elyvilon
Kikubaaqudgha
Nemelex Xobeh
Okawaru
Qazlal
Uskayaw
Vehumet
Wu Jian
Xom
The Shining One

Shops:
D:4 *


Innate Abilities, Weirdness & Mutations

You have very sharp teeth.
Your uncanny sense of smell can sniff out nearby items.
Your experience applies equally to all skills.


Message History

Aiming: Sandblast (safe; 1% risk of failure)
Press: ? - help, Shift-Dir - straight line, f/p - iguana
Aim: an iguana (moderately wounded, 85% to hit)
The blast of sand misses the iguana.
The iguana bites you!
Casting: Sandblast (safe; 1% risk of failure)
Confirm with . or Enter, or press ? or * to list all spells.
Aiming: Sandblast (safe; 1% risk of failure)
Press: ? - help, Shift-Dir - straight line, f/p - iguana
Aim: an iguana (moderately wounded, 85% to hit)
The blast of sand hits the iguana but does no damage.
The iguana is moderately wounded.
The iguana closely misses you.
Casting: Sandblast (safe; 1% risk of failure)
Confirm with . or Enter, or press ? or * to list all spells.
Aiming: Sandblast (safe; 1% risk of failure)
Press: ? - help, Shift-Dir - straight line, f/p - iguana
Aim: an iguana (moderately wounded, 85% to hit)
The blast of sand hits the iguana.
The iguana is heavily wounded.
The iguana bites you! The iguana barely misses you.
Casting: Sandblast (safe; 1% risk of failure)
Confirm with . or Enter, or press ? or * to list all spells.
Aiming: Sandblast (safe; 1% risk of failure)
Press: ? - help, Shift-Dir - straight line, f/p - iguana
Aim: an iguana (heavily wounded, 85% to hit)
The blast of sand hits the iguana.
The iguana is severely wounded.
The iguana bites you!
* * * LOW HITPOINT WARNING * * *
Casting: Sandblast (safe; 1% risk of failure)
Confirm with . or Enter, or press ? or * to list all spells.
Aiming: Sandblast (safe; 1% risk of failure)
Press: ? - help, Shift-Dir - straight line, f/p - iguana
Aim: an iguana (severely wounded, 85% to hit)
The blast of sand hits the iguana.
The iguana is severely wounded.
The iguana bites you!
* * * LOW HITPOINT WARNING * * *
The iguana bites you!
You die...

... .. ... #.### #.#
#.#.. #.# #.#.###.##
#.#†# ...######
#.#.###........
######l#......### ##
.......@........######..
........................
######.###.......####...
... #.####..## ... ....
#.#......# ... .....
#.#.####.###†.. ∆.....
#.# #......# ......
#...#### ..#.#...##


You could see an iguana.

Vanquished Creatures
  A black bear (D:5)
  2 phantoms
  A hound (D:4)
  2 jellies
  A sleepcap (D:5)
  Robin (D:2)
  5 adders
  An ufetubus (D:5)
  A worm (D:2)
  3 dart slugs
  8 endoplasms
  A giant cockroach (D:2)
  13 goblins
  7 hobgoblins
  10 jackals
  8 kobolds
  A quokka (D:5)
  5 ball pythons
  3 bats
  6 frilled lizards
  A rat (D:3)
81 creatures vanquished.

Notes
Turn   | Place    | Note
-------+----------+-------------------------------------------
     0 | D:1      | Ijustatesigmund the Gnoll Earth Elementalist began the
                  | quest for the Orb.
     0 | D:1      | Reached XP level 1. HP: 13/13 MP: 6/6
   236 | D:1      | Reached XP level 2. HP: 19/19 MP: 5/7
   854 | D:2      | Noticed Robin
   861 | D:2      | Reached skill level 5 in Spellcasting
   861 | D:2      | Reached XP level 3. HP: 25/25 MP: 6/9
   868 | D:2      | Killed Robin
   869 | D:2      | Reached skill level 1 in Invocations
   888 | D:2      | Reached skill level 1 in Fighting
   888 | D:2      | Reached skill level 1 in Short Blades
   888 | D:2      | Reached skill level 1 in Long Blades
   888 | D:2      | Reached skill level 1 in Axes
   888 | D:2      | Reached skill level 1 in Maces & Flails
   888 | D:2      | Reached skill level 1 in Polearms
   888 | D:2      | Reached skill level 1 in Staves
   888 | D:2      | Reached skill level 1 in Ranged Weapons
   888 | D:2      | Reached skill level 1 in Throwing
   888 | D:2      | Reached skill level 1 in Armour
   888 | D:2      | Reached skill level 1 in Shields
   888 | D:2      | Reached skill level 1 in Unarmed Combat
   888 | D:2      | Reached skill level 1 in Evocations
   980 | D:2      | Found an iron altar of Okawaru.
  1257 | D:2      | Reached XP level 4. HP: 32/32 MP: 9/11
  1684 | D:3      | Found a white marble altar of Elyvilon.
  1928 | D:3      | Reached skill level 1 in Conjurations
  1928 | D:3      | Reached skill level 1 in Hexes
  1928 | D:3      | Reached skill level 1 in Summonings
  1928 | D:3      | Reached skill level 1 in Necromancy
  1928 | D:3      | Reached skill level 1 in Translocations
  1928 | D:3      | Reached skill level 1 in Fire Magic
  1928 | D:3      | Reached skill level 1 in Ice Magic
  1928 | D:3      | Reached skill level 1 in Air Magic
  1928 | D:3      | Reached skill level 1 in Poison Magic
  2423 | D:4      | Reached XP level 5. HP: 14/37 MP: 9/12
  2497 | D:4      | Learned a level 3 spell: Stone Arrow
  2617 | D:4      | Found Tygiun's Neck Hole.
  3035 | D:4      | Noticed a phantom
  3042 | D:4      | Killed a phantom
  3043 | D:4      | Reached skill level 5 in Dodging
  3043 | D:4      | Reached XP level 6. HP: 44/44 MP: 9/14
  3123 | D:5      | Entered Level 5 of the Dungeon
  3645 | D:5      | Found a staircase to the Ecumenical Temple.
  3651 | D:5      | Noticed a black bear
  3659 | D:5      | Killed a black bear
  3660 | D:5      | Reached XP level 7. HP: 51/51 MP: 12/15
  3664 | Temple   | Entered the Ecumenical Temple
  3982 | D:5      | Slain by an iguana

Illustrated notes

Levels and vault maps discovered:
D:1:      dpeg_arrival_signposts, layout_rooms
D:2:      layout_loops_cross, basic_altar, eino_tiny_chamber,
          nicolae_kite_square_tiling_tiny, uniq_robin
D:3:      layout_basic, elyvilon_altar_5
D:4:      layout_loops_cross, nicolae_shop_sticking_my_neck_out
D:5:      layout_basic, minmay_temple_entry_mist, minmay_misc_feat_ornament,
          minivault_14, minmay_increasing_density, uniq_duvessa, uniq_eustachio,
          uniq_sigmund
Temple:   nicolae_temple_bog_church

Skill      XL: |  1  2  3  4  5  6  7 |
---------------+----------------------+-----
Transmutations | 2 |  2.9
Spellcasting   | 5 |  5.6
Invocations    | 1 2 |  2.6
Fighting       | 1 2 |  2.4
Short Blades   | 1 2 |  2.4
Long Blades    | 1 2 |  2.4
Axes           | 1 2 |  2.4
Maces & Flails | 1 2 |  2.4
Polearms       | 1 2 |  2.4
Staves         | 1 2 |  2.4
Ranged Weapons | 1 2 |  2.4
Throwing       | 1 2 |  2.4
Armour         | 1 2 |  2.4
Shields        | 1 2 |  2.4
Unarmed Combat | 1 2 |  2.4
Evocations     | 1 2 |  2.4
Conjurations   | 1 2 |  2.0
Hexes          | 1 2 |  2.0
Summonings     | 1 2 |  2.0
Necromancy     | 1 2 |  2.0
Translocations | 1 2 |  2.0
Fire Magic     | 1 2 |  2.0
Ice Magic      | 1 2 |  2.0
Air Magic      | 1 2 |  2.0
Poison Magic   | 1 2 |  2.0
Dodging        | 5 |  5.2
Stealth        | |  4.8
Earth Magic    | |  5.8

Action                     |  1- 3 |  4- 6 |  7- 9 || total
---------------------------+-------+-------+-------++-------
  Melee: Dagger            |    17 |    53 |       ||    70
         Bite              |     2 |     7 |       ||     9
         Punch             |       |     1 |       ||     1
   Cast: Sandblast         |    41 |    47 |    13 ||   101
   Stab: Sleeping          |       |     4 |       ||     4
 Armour: Robe              |     3 |     7 |     1 ||    11
  Dodge: Dodged            |    12 |    44 |     5 ||    61
